Avalanche vs Coyotes
Created - den 28 november 2014 at 21:06
Goals
|
| Avalanche |
1 |
0 |
0 |
1 |
| Coyotes |
0 |
3 |
0 |
3 |
|
Shots
|
| Avalanche |
9 |
8 |
12 |
29 |
| Coyotes |
11 |
15 |
7 |
33 |
|
1st period
1. Avalanche , Marek Zidlicky 3 (Patrick Kane, Tyler Bozak) at 9:45 (PP)
Penalties :
Blake Comeau (COL) for Tripping (Minor) at 3:42, Richard Clune (PHX) for Tripping (Minor) at 8:29, Tyler Bozak (COL) for Slashing (Minor) at 12:02
2nd period
2. Coyotes , Joey Crabb 1 (Jared Boll, Richard Clune) at 8:31
3. Coyotes , Chris Kunitz 11 (Kyle Turris) at 19:21
4. Coyotes , Kyle Quincey 3 (Scottie Upshall, Christian Folin) at 19:36
Penalties :
Luke Schenn (COL) for Hooking (Minor) at 10:21
3rd period
No Goal
Penalties :
Marek Zidlicky (COL) for High sticking (Minor) at 0:33, Matt Greene (PHX) for High sticking (Minor) at 3:15, Brayden Schenn (COL) for Tripping (Minor) at 17:06, Luke Schenn (COL) for Holding (Minor) at 19:54
Goalie Stats
Tomas Vokoun (COL), 30 saves from 33 shots - (0,909), L, 2-3-0, 60:00 minutes
Ondrej Pavelec (PHX), 28 saves from 29 shots - (0,966), W, 7-9-1, 60:00 minutes
Players Stats for Avalanche
Player Name G A P +/- PIM S H SB GA TA FO MP PP MP PK MP
------------------------------------------------------------------------------------
Antoine Roussel 0 0 0 -1 0 5 3 0 0 0 0/1 11:58 1:35 0:00
Blake Comeau 0 0 0 -1 2 2 0 0 0 0 0/0 10:22 0:00 0:00
Brayden Schenn 0 0 0 -1 2 3 1 0 0 0 6/16 12:18 1:35 0:00
Brian Flynn 0 0 0 0 0 0 0 0 0 0 13/26 13:03 0:00 6:09
Brian Gibbons 0 0 0 -1 0 1 0 0 0 0 0/1 10:44 0:00 0:00
Erik Cole 0 0 0 -1 0 3 2 0 0 0 1/1 12:43 1:35 0:24
Hampus Lindholm 0 0 0 -1 0 0 2 0 0 0 0/0 20:28 1:49 4:16
Jordan Leopold 0 0 0 -1 0 3 1 1 0 0 0/0 17:45 0:00 4:41
Luke Schenn 0 0 0 0 4 0 3 3 0 0 0/0 19:07 1:36 4:28
Marek Zidlicky 1 0 1 -2 2 1 5 2 0 0 0/0 21:43 1:53 0:34
Mark Fayne 0 0 0 0 0 0 1 0 0 0 0/0 18:24 0:00 5:19
Mark Stone 0 0 0 0 0 1 0 0 0 0 0/0 10:31 0:00 3:37
Maxim Lapierre 0 0 0 -1 0 1 0 0 0 0 8/21 14:00 0:00 3:37
Patrick Kane 0 1 1 -1 0 2 1 0 0 0 0/2 20:30 1:40 0:06
Shane Doan 0 0 0 -1 0 2 2 0 0 0 1/2 20:24 1:40 0:00
Tobias Enstrom 0 0 0 -2 0 1 0 0 0 0 0/0 22:30 1:12 0:42
Torrey Mitchell 0 0 0 0 0 1 1 0 0 0 1/2 12:53 0:00 5:59
Tyler Bozak 0 1 1 -1 2 3 0 2 0 0 14/21 20:31 1:40 0:08
Players Stats for Coyotes
Player Name G A P +/- PIM S H SB GA TA FO MP PP MP PK MP
------------------------------------------------------------------------------------
Brad Richardson 0 0 0 0 0 2 1 0 0 0 2/4 18:50 5:39 1:32
Chris Kunitz 1 0 1 1 0 7 5 0 0 0 0/3 20:54 4:47 0:36
Christian Folin 0 1 1 2 0 3 0 3 0 0 0/0 23:07 4:56 1:38
Daniel Briere 0 0 0 1 0 1 0 0 0 0 8/12 17:27 4:51 1:27
Jared Boll 0 1 1 1 0 1 0 2 0 0 0/0 14:51 0:34 0:36
Joey Crabb 1 0 1 1 0 2 0 1 0 0 1/7 13:24 0:00 0:00
John Scott 0 0 0 1 0 0 4 3 0 0 0/0 19:48 2:22 1:06
Jordan Schroeder 0 0 0 1 0 1 1 0 0 0 2/4 17:55 4:35 0:00
Jordin Tootoo 0 0 0 1 0 0 2 0 0 0 1/2 9:37 0:00 0:00
Keaton Ellerby 0 0 0 1 0 0 1 1 0 0 0/0 11:45 3:12 0:00
Kyle Quincey 1 0 1 1 0 2 1 1 0 0 0/0 25:05 4:50 1:47
Kyle Turris 0 1 1 1 0 5 0 0 0 0 14/31 20:39 5:20 0:32
Matt Greene 0 0 0 1 2 2 2 2 0 0 0/0 15:19 0:00 0:00
Michael Blunden 0 0 0 0 0 1 2 0 0 0 0/1 7:21 0:00 0:00
Mika Zibanejad 0 0 0 0 0 2 0 0 0 0 18/24 13:12 4:14 0:40
Richard Clune 0 1 1 1 2 2 3 0 0 0 1/2 12:24 0:00 0:00
Ryan Whitney 0 0 0 0 0 1 0 0 0 0 0/0 21:50 4:40 1:23
Scottie Upshall 0 1 1 1 0 1 0 1 0 0 2/3 13:15 0:00 1:43
3 Stars
1 - Ondrej Pavelec (PHX)
2 - Chris Kunitz (PHX)
3 - Kyle Quincey (PHX)
Power Play
Avalanche - 1 on 2 Attempt(s) - 50,00%
Coyotes - 0 on 6 Attempt(s) - 0,00%
Penalty Kill
Avalanche - 6 on 6 Attempt(s) - 100,00%
- Score 0 goal in Penalty Kill
Coyotes - 1 on 2 Attempt(s) - 50,00%
- Score 0 goal in Penalty Kill
Official
Referees : Steve Patafie and Brent Montsion
Linesman : Mike Cvik and Sheldon Keough
Game Notes
Keaton Ellerby is injured at 15:45 of 2nd period (Bruised Right Shoulder)
Michael Blunden is injured at 17:30 of 2nd period (Chest/Ribs)
Mika Zibanejad is injured at 4:34 of 3rd period (Bruised Right Foot)
Finance
Level 1 -- Attendance: 5933 (100,00%) -- Ticket Income 504.305 kr
Level 2 -- Attendance: 4766 (96,40%) -- Ticket Income 238.300 kr
Level 3 -- Attendance: 1871 (94,59%) -- Ticket Income 56.130 kr
Level 4 -- Attendance: 3092 (78,18%) -- Ticket Income 61.840 kr
Luxury Box -- Attendance: 989 (100,00%) -- Ticket Income 187.910 kr
Game was played at the Jobing.com Arena
Total Attendance: 16651 (93,55%)
Total Ticket Income: 1.048.485 kr
Other Income: 513.758 kr
Total Income: 1.562.243 kr
Avalanche
5 vs 5 Forward
Center Left Wing Right Wing Time % Phy DF OF
1 Tyler Bozak Patrick Kane Shane Doan 40 0 1 4
2 Brayden Schenn Brian Gibbons Erik Cole 25 1 2 2
3 Maxim Lapierre Antoine Roussel Blake Comeau 25 2 2 1
4 Brian Flynn Torrey Mitchell Mark Stone 10 1 3 1
5 vs 5 Defense
Defense Defense Time % Phy DF OF
1 Hampus Lindholm Tobias Enstrom 30 1 2 2
2 Marek Zidlicky Jordan Leopold 25 1 2 2
3 Mark Fayne Luke Schenn 25 2 2 1
4 Marek Zidlicky Tobias Enstrom 20 1 2 2
PowerPlay Forward
Center Left Wing Right Wing Time % Phy DF OF
1 Tyler Bozak Shane Doan Patrick Kane 65 0 1 4
2 Brayden Schenn Erik Cole Antoine Roussel 35 1 1 3
PowerPlay Defense
Defense Defense Time % Phy DF OF
1 Marek Zidlicky Hampus Lindholm 59 0 2 3
2 Luke Schenn Tobias Enstrom 41 1 2 2
Penalty Kill 4 Players Forward
Center Wing Time % Phy DF OF
1 Brian Flynn Torrey Mitchell 60 1 4 0
2 Maxim Lapierre Mark Stone 40 1 4 0
Penalty Kill 4 Players Defense
Defense Defense Time % Phy DF OF
1 Luke Schenn Mark Fayne 60 2 3 0
2 Jordan Leopold Hampus Lindholm 40 1 4 0
Penalty Kill - 3 Players Forward
Forward Time % Phy DF OF
1 Brian Flynn 60 0 5 0
2 Torrey Mitchell 40 0 5 0
Penalty Kill - 3 Players Defense
Defense Defense Time % Phy DF OF
1 Tobias Enstrom Mark Fayne 60 2 3 0
2 Luke Schenn Jordan Leopold 40 2 3 0
4 vs 4 Forward
Center Wing Time % Phy DF OF
1 Tyler Bozak Patrick Kane 55 0 2 3
2 Brayden Schenn Shane Doan 45 1 2 2
4 vs 4 Defense
Defense Defense Time % Phy DF OF
1 Hampus Lindholm Tobias Enstrom 55 1 2 2
2 Luke Schenn Jordan Leopold 45 1 3 1
Last Minutes Offensive
Center Left Wing Right Wing Defense Defense
Tyler Bozak Shane Doan Patrick Kane Tobias Enstrom Hampus Lindholm
Last Minutes Defensive
Center Left Wing Right Wing Defense Defense
Brian Flynn Torrey Mitchell Mark Stone Luke Schenn Mark Fayne
Goaltenders
Starting : Tomas Vokoun
Backup : Ben Bishop
Extra Forwards
Normal : Patrick Kane, Shane Doan, Erik Cole - PP : Patrick Kane, Shane Doan - PK : Brian Flynn
Extra Defensemen
Normal : Marek Zidlicky, Jordan Leopold, Luke Schenn - PP : Marek Zidlicky - PK : Hampus Lindholm, Tobias Enstrom
Penalty Shots
Brayden Schenn, Tyler Bozak, Patrick Kane, Shane Doan, Maxim Lapierre
Coyotes
5 vs 5 Forward
Center Left Wing Right Wing Time % Phy DF OF
1 Kyle Turris Chris Kunitz Jordan Schroeder 30 1 2 2
2 Mika Zibanejad Brad Richardson Michael Blunden 26 1 2 2
3 Daniel Briere Scottie Upshall Jordin Tootoo 24 2 2 1
4 Joey Crabb Richard Clune Jared Boll 20 4 1 0
5 vs 5 Defense
Defense Defense Time % Phy DF OF
1 Kyle Quincey Ryan Whitney 31 1 1 3
2 Keaton Ellerby Christian Folin 31 1 2 2
3 Matt Greene John Scott 31 3 2 0
4 Kyle Quincey Ryan Whitney 7 1 1 3
PowerPlay Forward
Center Left Wing Right Wing Time % Phy DF OF
1 Kyle Turris Chris Kunitz Jordan Schroeder 50 1 2 2
2 Mika Zibanejad Brad Richardson Daniel Briere 50 1 2 2
PowerPlay Defense
Defense Defense Time % Phy DF OF
1 Kyle Quincey Keaton Ellerby 50 2 1 2
2 Ryan Whitney Christian Folin 50 2 1 2
Penalty Kill 4 Players Forward
Center Wing Time % Phy DF OF
1 Brad Richardson Scottie Upshall 50 2 2 1
2 Mika Zibanejad Daniel Briere 50 2 2 1
Penalty Kill 4 Players Defense
Defense Defense Time % Phy DF OF
1 Kyle Quincey John Scott 50 2 2 1
2 Ryan Whitney Christian Folin 50 2 2 1
Penalty Kill - 3 Players Forward
Forward Time % Phy DF OF
1 Kyle Turris 50 2 2 1
2 Brad Richardson 50 2 2 1
Penalty Kill - 3 Players Defense
Defense Defense Time % Phy DF OF
1 Kyle Quincey John Scott 50 2 2 1
2 Keaton Ellerby Christian Folin 50 2 2 1
4 vs 4 Forward
Center Wing Time % Phy DF OF
1 Kyle Turris Chris Kunitz 50 1 2 2
2 Daniel Briere Mika Zibanejad 50 1 2 2
4 vs 4 Defense
Defense Defense Time % Phy DF OF
1 Kyle Quincey Ryan Whitney 50 2 1 2
2 Keaton Ellerby Christian Folin 50 2 1 2
Last Minutes Offensive
Center Left Wing Right Wing Defense Defense
Kyle Turris Chris Kunitz Mika Zibanejad Kyle Quincey Ryan Whitney
Last Minutes Defensive
Center Left Wing Right Wing Defense Defense
Kyle Turris Scottie Upshall Brad Richardson Christian Folin Matt Greene
Goaltenders
Starting : Ondrej Pavelec
Backup : Nathan Lawson
Extra Forwards
Normal : Scottie Upshall, Chris Kunitz, Kyle Turris - PP : Kyle Turris, Chris Kunitz - PK : Brad Richardson
Extra Defensemen
Normal : Ryan Whitney, Christian Folin, Kyle Quincey - PP : Keaton Ellerby - PK : Kyle Quincey, John Scott
Penalty Shots
Mika Zibanejad, Kyle Turris, Chris Kunitz, Scottie Upshall, Daniel Briere
% Time on Ice - Avalanche
Lines # - Real PCT - Wanted PCT - Time Play
Normal Forward
1 - 40% - 40% - 18:44
2 - 23% - 25% - 10:44
3 - 22% - 25% - 10:23
4 - 15% - 10% - 6:54
Normal Defense
1 - 31% - 30% - 14:23
2 - 28% - 25% - 13:04
3 - 28% - 25% - 13:05
4 - 13% - 20% - 6:13
PP Forward
1 - 51% - 65% - 1:40
2 - 49% - 35% - 1:35
PP Defense
1 - 63% - 59% - 2:03
2 - 37% - 41% - 1:12
PK Forward
1 - 64% - 60% - 6:23
2 - 36% - 40% - 3:37
PK Defense
1 - 58% - 60% - 5:47
2 - 42% - 40% - 4:13
PK3 Forward
1 - 0% - 60%
2 - 0% - 40%
PK3 Defense
1 - 0% - 60%
2 - 0% - 40%
44 Forward
1 - 0% - 55%
2 - 0% - 45%
44 Defense
1 - 0% - 55%
2 - 0% - 45%
Last Minute Offensive - 0:00
Last Minute Defensive - 0:00
Total
Forward - 60:00
Defense - 60:00
|
% Time on Ice - Coyotes
Lines # - Real PCT - Wanted PCT - Time Play
Normal Forward
1 - 27% - 30% - 12:46
2 - 28% - 26% - 12:58
3 - 18% - 24% - 8:36
4 - 27% - 20% - 12:25
Normal Defense
1 - 27% - 31% - 12:31
2 - 40% - 31% - 18:40
3 - 32% - 31% - 14:51
4 - 2% - 7% - 0:43
PP Forward
1 - 48% - 50% - 4:47
2 - 52% - 50% - 5:13
PP Defense
1 - 51% - 50% - 5:04
2 - 49% - 50% - 4:56
PK Forward
1 - 59% - 50% - 1:55
2 - 41% - 50% - 1:20
PK Defense
1 - 73% - 50% - 2:23
2 - 27% - 50% - 0:52
PK3 Forward
1 - 0% - 50%
2 - 0% - 50%
PK3 Defense
1 - 0% - 50%
2 - 0% - 50%
44 Forward
1 - 0% - 50%
2 - 0% - 50%
44 Defense
1 - 0% - 50%
2 - 0% - 50%
Last Minute Offensive - 0:00
Last Minute Defensive - 0:00
Total
Forward - 60:00
Defense - 60:00
|
Play by Play
1st period
0:01 of 1st period - Tyler Bozak wins face-off versus Kyle Turris in neutral zone.
0:10 of 1st period - Shot by Tyler Bozak.
0:10 of 1st period - Stopped by Ondrej Pavelec without a rebound.
0:11 of 1st period - Mika Zibanejad wins face-off versus Brayden Schenn in Coyotes zone.
0:20 of 1st period - Shot by Erik Cole.
0:20 of 1st period - Shot Misses the Net.
0:36 of 1st period - Shot by Mika Zibanejad.
0:36 of 1st period - Stopped by Tomas Vokoun without a rebound.
0:37 of 1st period - Maxim Lapierre wins face-off versus Daniel Briere in Avalanche zone.
0:56 of 1st period - Shot by Blake Comeau.
0:56 of 1st period - Deflect By Antoine Roussel.
0:56 of 1st period - Stopped by Ondrej Pavelec with a rebound.
0:58 of 1st period - Shot by Blake Comeau.
0:58 of 1st period - Stopped by Ondrej Pavelec without a rebound.
0:59 of 1st period - Shane Doan wins face-off versus Joey Crabb in Coyotes zone.
1:16 of 1st period - Shot by Jared Boll.
1:16 of 1st period - Stopped by Tomas Vokoun without a rebound.
1:17 of 1st period - Kyle Turris wins face-off versus Brian Flynn in Avalanche zone.
1:20 of 1st period - Shot by Chris Kunitz.
1:20 of 1st period - Shot Misses the Net.
1:45 of 1st period - Chris Kunitz is hit by Hampus Lindholm.
1:57 of 1st period - Brian Flynn is hit by Chris Kunitz and loses puck.
2:22 of 1st period - Shot by Patrick Kane.
2:22 of 1st period - Shot Misses the Net.
2:24 of 1st period - Shot by Tyler Bozak.
2:24 of 1st period - Stopped by Ondrej Pavelec without a rebound.
2:25 of 1st period - Mika Zibanejad wins face-off versus Maxim Lapierre in Coyotes zone.
2:36 of 1st period - Shot by Antoine Roussel.
2:36 of 1st period - Stopped by Ondrej Pavelec without a rebound.
2:37 of 1st period - Tyler Bozak wins face-off versus Joey Crabb in Coyotes zone.
3:20 of 1st period - Off-side.
3:21 of 1st period - Daniel Briere wins face-off versus Brayden Schenn in neutral zone.
3:39 of 1st period - Icing by Ryan Whitney.
3:40 of 1st period - Jordin Tootoo wins face-off versus Maxim Lapierre in Coyotes zone.
3:42 of 1st period - Minor Penalty to Blake Comeau for Tripping.
3:43 of 1st period - Brian Flynn wins face-off versus Kyle Turris in Avalanche zone.
3:43 of 1st period - Brian Flynn is hit by Chris Kunitz.
4:05 of 1st period - Shot by Kyle Turris.
4:05 of 1st period - Stopped by Tomas Vokoun without a rebound.
4:06 of 1st period - Mika Zibanejad wins face-off versus Brian Flynn in Avalanche zone.
4:36 of 1st period - Daniel Briere is hit by Jordan Leopold and loses puck.
4:44 of 1st period - Icing by Daniel Briere.
4:45 of 1st period - Mika Zibanejad wins face-off versus Maxim Lapierre in Coyotes zone.
6:11 of 1st period - Shot by Patrick Kane.
6:11 of 1st period - Shot Blocked by John Scott.
6:53 of 1st period - Shot by Scottie Upshall.
6:53 of 1st period - Deflect By Jordin Tootoo.
6:53 of 1st period - Shot Blocked by Luke Schenn.
7:18 of 1st period - Icing by Mark Fayne.
7:19 of 1st period - Erik Cole wins face-off versus Kyle Turris in Avalanche zone.
7:23 of 1st period - Erik Cole is hit by Keaton Ellerby and loses puck.
7:34 of 1st period - Mark Fayne is hit by Jordan Schroeder and loses puck.
7:39 of 1st period - Shot by Kyle Turris.
7:39 of 1st period - Stopped by Tomas Vokoun with a rebound.
7:41 of 1st period - Shot by Chris Kunitz.
7:41 of 1st period - Stopped by Tomas Vokoun without a rebound.
7:42 of 1st period - Mika Zibanejad wins face-off versus Maxim Lapierre in Avalanche zone.
7:53 of 1st period - Mika Zibanejad is hit by Hampus Lindholm and loses puck.
8:01 of 1st period - Icing by Tobias Enstrom.
8:02 of 1st period - Maxim Lapierre wins face-off versus Joey Crabb in Avalanche zone.
8:29 of 1st period - Minor Penalty to Richard Clune for Tripping.
8:30 of 1st period - Brad Richardson wins face-off versus Tyler Bozak in Coyotes zone.
9:17 of 1st period - Kyle Quincey is hit by Erik Cole.
9:31 of 1st period - Shot by Erik Cole.
9:31 of 1st period - Stopped by Ondrej Pavelec without a rebound.
9:32 of 1st period - Brad Richardson wins face-off versus Tyler Bozak in Coyotes zone.
9:45 of 1st period - Shot by Marek Zidlicky.
9:45 of 1st period - Goal by Marek Zidlicky - Avalanche : 1 - Coyotes : 0.
9:46 of 1st period - Kyle Turris wins face-off versus Brian Flynn in neutral zone.
10:32 of 1st period - Shot by Brayden Schenn.
10:32 of 1st period - Shot Misses the Net.
10:34 of 1st period - Shot by Hampus Lindholm.
10:34 of 1st period - Shot Misses the Net.
10:36 of 1st period - Shot by Brian Gibbons.
10:36 of 1st period - Deflect By Erik Cole.
10:36 of 1st period - Shot Misses the Net.
10:38 of 1st period - Shot by Hampus Lindholm.
10:38 of 1st period - Shot Misses the Net.
10:40 of 1st period - Shot by Brayden Schenn.
10:40 of 1st period - Stopped by Ondrej Pavelec without a rebound.
10:41 of 1st period - Tyler Bozak wins face-off versus Mika Zibanejad in Coyotes zone.
10:50 of 1st period - Shot by Mika Zibanejad.
10:50 of 1st period - Shot Misses the Net.
11:04 of 1st period - Shot by Brad Richardson.
11:04 of 1st period - Deflect By Michael Blunden.
11:04 of 1st period - Stopped by Tomas Vokoun without a rebound.
11:05 of 1st period - Daniel Briere wins face-off versus Maxim Lapierre in Avalanche zone.
11:43 of 1st period - Maxim Lapierre is hit by Jordin Tootoo.
12:02 of 1st period - Minor Penalty to Tyler Bozak for Slashing.
12:03 of 1st period - Brian Flynn wins face-off versus Jordan Schroeder in Avalanche zone.
13:00 of 1st period - Shot by Christian Folin.
13:00 of 1st period - Stopped by Tomas Vokoun without a rebound.
13:01 of 1st period - Mika Zibanejad wins face-off versus Brian Flynn in Avalanche zone.
13:02 of 1st period - Shot by Christian Folin.
13:02 of 1st period - Stopped by Tomas Vokoun without a rebound.
13:03 of 1st period - Brian Flynn wins face-off versus Kyle Turris in Avalanche zone.
13:16 of 1st period - Shot by Christian Folin.
13:16 of 1st period - Stopped by Tomas Vokoun without a rebound.
13:17 of 1st period - Mika Zibanejad wins face-off versus Maxim Lapierre in Avalanche zone.
14:07 of 1st period - Shot by Richard Clune.
14:07 of 1st period - Stopped by Tomas Vokoun with a rebound.
14:09 of 1st period - Shot by Matt Greene.
14:09 of 1st period - Stopped by Tomas Vokoun without a rebound.
14:10 of 1st period - Joey Crabb wins face-off versus Patrick Kane in Avalanche zone.
14:23 of 1st period - Shot by Shane Doan.
14:23 of 1st period - Shot Misses the Net.
14:45 of 1st period - Tyler Bozak is hit by Richard Clune and loses puck.
15:09 of 1st period - Shot by Erik Cole.
15:09 of 1st period - Deflect By Brayden Schenn.
15:09 of 1st period - Stopped by Ondrej Pavelec without a rebound.
15:10 of 1st period - Brian Flynn wins face-off versus Mika Zibanejad in Coyotes zone.
15:33 of 1st period - Icing by Christian Folin.
15:34 of 1st period - Mika Zibanejad wins face-off versus Maxim Lapierre in Coyotes zone.
16:51 of 1st period - Shot by Shane Doan.
16:51 of 1st period - Shot Misses the Net.
16:57 of 1st period - Shot by Patrick Kane.
16:57 of 1st period - Shot Misses the Net.
17:26 of 1st period - Off-side.
17:27 of 1st period - Daniel Briere wins face-off versus Brian Flynn in neutral zone.
17:30 of 1st period - Brian Flynn is hit by Jordin Tootoo and loses puck.
17:52 of 1st period - Mark Stone is hit by John Scott and loses puck.
17:56 of 1st period - Brian Flynn is hit by Matt Greene.
19:28 of 1st period - Shot by Brad Richardson.
19:28 of 1st period - Shot Misses the Net.
19:37 of 1st period - Brad Richardson is hit by Marek Zidlicky and loses puck.
Goals for this period are 1 for Avalanche vs 0 for Coyotes.
Shots for this period are 9 for Avalanche vs 11 for Coyotes.
2nd period
0:01 of 2nd period - Kyle Turris wins face-off versus Tyler Bozak in neutral zone.
0:01 of 2nd period - Chris Kunitz is hit by Patrick Kane and loses puck.
1:14 of 2nd period - Shot by Blake Comeau.
1:14 of 2nd period - Shot Misses the Net.
1:16 of 2nd period - Shot by Antoine Roussel.
1:16 of 2nd period - Stopped by Ondrej Pavelec without a rebound.
1:17 of 2nd period - Brayden Schenn wins face-off versus Michael Blunden in Coyotes zone.
1:28 of 2nd period - Shot by Brayden Schenn.
1:28 of 2nd period - Stopped by Ondrej Pavelec without a rebound.
1:29 of 2nd period - Daniel Briere wins face-off versus Brian Flynn in Coyotes zone.
1:29 of 2nd period - Daniel Briere is hit by Torrey Mitchell.
1:38 of 2nd period - Icing by Jordan Leopold.
1:39 of 2nd period - Mika Zibanejad wins face-off versus Brian Flynn in Avalanche zone.
2:04 of 2nd period - Shot by Michael Blunden.
2:04 of 2nd period - Shot Blocked by Jordan Leopold.
2:54 of 2nd period - Shot by Tyler Bozak.
2:54 of 2nd period - Shot Blocked by Christian Folin.
3:15 of 2nd period - Icing by Christian Folin.
3:16 of 2nd period - Daniel Briere wins face-off versus Brayden Schenn in Coyotes zone.
3:16 of 2nd period - Daniel Briere is hit by Erik Cole.
3:31 of 2nd period - Off-side.
3:32 of 2nd period - Maxim Lapierre wins face-off versus Kyle Turris in neutral zone.
3:41 of 2nd period - Shot by Chris Kunitz.
3:41 of 2nd period - Stopped by Tomas Vokoun with a rebound.
3:43 of 2nd period - Shot by Matt Greene.
3:43 of 2nd period - Stopped by Tomas Vokoun without a rebound.
3:44 of 2nd period - Mika Zibanejad wins face-off versus Brayden Schenn in Avalanche zone.
4:03 of 2nd period - Shot by Mika Zibanejad.
4:03 of 2nd period - Shot Misses the Net.
4:05 of 2nd period - Shot by Ryan Whitney.
4:05 of 2nd period - Shot Blocked by Marek Zidlicky.
4:15 of 2nd period - Shot by Ryan Whitney.
4:15 of 2nd period - Shot Misses the Net.
4:29 of 2nd period - Shot by Kyle Turris.
4:29 of 2nd period - Shot Blocked by Marek Zidlicky.
4:37 of 2nd period - Shot by Chris Kunitz.
4:37 of 2nd period - Stopped by Tomas Vokoun without a rebound.
4:38 of 2nd period - Tyler Bozak wins face-off versus Joey Crabb in Avalanche zone.
4:38 of 2nd period - Tyler Bozak is hit by Richard Clune.
4:44 of 2nd period - Joey Crabb is hit by Shane Doan and loses puck.
5:01 of 2nd period - Shot by Tyler Bozak.
5:01 of 2nd period - Shot Blocked by Jared Boll.
5:11 of 2nd period - Shot by Patrick Kane.
5:11 of 2nd period - Shot Blocked by John Scott.
5:40 of 2nd period - Shot by Blake Comeau.
5:40 of 2nd period - Shot Misses the Net.
5:42 of 2nd period - Shot by Blake Comeau.
5:42 of 2nd period - Stopped by Ondrej Pavelec without a rebound.
5:43 of 2nd period - Brian Flynn wins face-off versus Jordan Schroeder in Coyotes zone.
5:48 of 2nd period - Shot by Torrey Mitchell.
5:48 of 2nd period - Stopped by Ondrej Pavelec without a rebound.
5:49 of 2nd period - Kyle Turris wins face-off versus Brian Flynn in Coyotes zone.
6:11 of 2nd period - Shot by Chris Kunitz.
6:11 of 2nd period - Shot Misses the Net.
6:13 of 2nd period - Shot by Jordan Schroeder.
6:13 of 2nd period - Stopped by Tomas Vokoun with a rebound.
6:15 of 2nd period - Shot by Ryan Whitney.
6:15 of 2nd period - Stopped by Tomas Vokoun without a rebound.
6:16 of 2nd period - Mika Zibanejad wins face-off versus Tyler Bozak in Avalanche zone.
6:46 of 2nd period - Brad Richardson is hit by Luke Schenn and loses puck.
7:02 of 2nd period - Scottie Upshall is hit by Luke Schenn and loses puck.
7:22 of 2nd period - Tyler Bozak is hit by Kyle Quincey and loses puck.
8:23 of 2nd period - Richard Clune is hit by Marek Zidlicky.
8:27 of 2nd period - Shot by Joey Crabb.
8:27 of 2nd period - Stopped by Tomas Vokoun with a rebound.
8:29 of 2nd period - Shot by Jared Boll.
8:29 of 2nd period - Shot Misses the Net.
8:31 of 2nd period - Shot by Joey Crabb.
8:31 of 2nd period - Goal by Joey Crabb - Avalanche : 1 - Coyotes : 1.
8:32 of 2nd period - Mika Zibanejad wins face-off versus Brayden Schenn in neutral zone.
8:38 of 2nd period - Icing by Tobias Enstrom.
8:39 of 2nd period - Mika Zibanejad wins face-off versus Brayden Schenn in Avalanche zone.
9:04 of 2nd period - Hampus Lindholm is hit by Michael Blunden and loses puck.
9:15 of 2nd period - Mika Zibanejad is hit by Brayden Schenn and loses puck.
9:38 of 2nd period - Shot by Mark Stone.
9:38 of 2nd period - Stopped by Ondrej Pavelec without a rebound.
9:39 of 2nd period - Tyler Bozak wins face-off versus Scottie Upshall in Coyotes zone.
9:46 of 2nd period - Shot by Patrick Kane.
9:46 of 2nd period - Shot Blocked by Matt Greene.
9:48 of 2nd period - Shot by Jordan Leopold.
9:48 of 2nd period - Stopped by Ondrej Pavelec without a rebound.
9:49 of 2nd period - Kyle Turris wins face-off versus Maxim Lapierre in Coyotes zone.
9:49 of 2nd period - Chris Kunitz is hit by Antoine Roussel and loses puck.
9:56 of 2nd period - Shot by Kyle Turris.
9:56 of 2nd period - Shot Blocked by Luke Schenn.
10:00 of 2nd period - Shot by Chris Kunitz.
10:00 of 2nd period - Shot Misses the Net.
10:21 of 2nd period - Minor Penalty to Luke Schenn for Hooking.
10:22 of 2nd period - Torrey Mitchell wins face-off versus Mika Zibanejad in Avalanche zone.
10:44 of 2nd period - Off-side.
10:45 of 2nd period - Brian Flynn wins face-off versus Kyle Turris in neutral zone.
12:00 of 2nd period - Shot by Chris Kunitz.
12:00 of 2nd period - Shot Misses the Net.
12:06 of 2nd period - Shot by Kyle Turris.
12:06 of 2nd period - Stopped by Tomas Vokoun without a rebound.
12:07 of 2nd period - Brian Flynn wins face-off versus Kyle Turris in Avalanche zone.
12:38 of 2nd period - John Scott is hit by Shane Doan.
14:32 of 2nd period - Off-side.
14:33 of 2nd period - Tyler Bozak wins face-off versus Kyle Turris in neutral zone.
14:46 of 2nd period - Shot by Chris Kunitz.
14:46 of 2nd period - Stopped by Tomas Vokoun with a rebound.
14:48 of 2nd period - Shot by Kyle Turris.
14:48 of 2nd period - Shot Misses the Net.
15:03 of 2nd period - Shot by Chris Kunitz.
15:03 of 2nd period - Shot Blocked by Tyler Bozak.
15:05 of 2nd period - Shot by Kyle Turris.
15:05 of 2nd period - Deflect By Chris Kunitz.
15:05 of 2nd period - Stopped by Tomas Vokoun with a rebound.
15:45 of 2nd period - Shot by Brayden Schenn.
15:45 of 2nd period - Shot Blocked by Keaton Ellerby.
15:45 of 2nd period - Keaton Ellerby from Coyotes is injured at 15:45 of 2nd period (Bruised Right Shoulder).
15:46 of 2nd period - Maxim Lapierre wins face-off versus Mika Zibanejad in Coyotes zone.
15:57 of 2nd period - Shot by Blake Comeau.
15:57 of 2nd period - Deflect By Antoine Roussel.
15:57 of 2nd period - Shot Blocked by Christian Folin.
16:03 of 2nd period - Jordan Leopold is hit by Michael Blunden and loses puck.
16:15 of 2nd period - Icing by Marek Zidlicky.
16:16 of 2nd period - Maxim Lapierre wins face-off versus Daniel Briere in Avalanche zone.
17:09 of 2nd period - Shot by Patrick Kane.
17:09 of 2nd period - Shot Blocked by Scottie Upshall.
17:11 of 2nd period - Shot by Shane Doan.
17:11 of 2nd period - Stopped by Ondrej Pavelec without a rebound.
17:12 of 2nd period - Brayden Schenn wins face-off versus Kyle Turris in Coyotes zone.
17:13 of 2nd period - Shot by Tobias Enstrom.
17:13 of 2nd period - Stopped by Ondrej Pavelec without a rebound.
17:14 of 2nd period - Tyler Bozak wins face-off versus Kyle Turris in Coyotes zone.
17:26 of 2nd period - Shot by Jordan Schroeder.
17:26 of 2nd period - Shot Misses the Net.
17:28 of 2nd period - Shot by Kyle Turris.
17:28 of 2nd period - Stopped by Tomas Vokoun without a rebound.
17:29 of 2nd period - Mika Zibanejad wins face-off versus Brian Gibbons in Avalanche zone.
17:29 of 2nd period - Michael Blunden is hit by Luke Schenn and loses puck.
17:30 of 2nd period - Michael Blunden from Coyotes is injured at 17:30 of 2nd period (Chest/Ribs).
17:31 of 2nd period - Tyler Bozak wins face-off versus Mika Zibanejad in Avalanche zone.
17:38 of 2nd period - Shot by Patrick Kane.
17:38 of 2nd period - Shot Misses the Net.
17:48 of 2nd period - Shot by Chris Kunitz.
17:48 of 2nd period - Shot Blocked by Tyler Bozak.
17:50 of 2nd period - Shot by Brad Richardson.
17:50 of 2nd period - Shot Misses the Net.
17:52 of 2nd period - Shot by Brad Richardson.
17:52 of 2nd period - Deflect By Chris Kunitz.
17:52 of 2nd period - Shot Misses the Net.
17:54 of 2nd period - Shot by Mika Zibanejad.
17:54 of 2nd period - Shot Misses the Net.
18:07 of 2nd period - Icing by Hampus Lindholm.
18:08 of 2nd period - Daniel Briere wins face-off versus Tyler Bozak in Avalanche zone.
18:21 of 2nd period - Shot by Scottie Upshall.
18:21 of 2nd period - Stopped by Tomas Vokoun without a rebound.
18:22 of 2nd period - Richard Clune wins face-off versus Brayden Schenn in Avalanche zone.
18:22 of 2nd period - Richard Clune is hit by Marek Zidlicky.
18:44 of 2nd period - Shot by Joey Crabb.
18:44 of 2nd period - Shot Misses the Net.
18:47 of 2nd period - Joey Crabb is hit by Marek Zidlicky and loses puck.
18:57 of 2nd period - Icing by Jordan Leopold.
18:58 of 2nd period - Kyle Turris wins face-off versus Brayden Schenn in Avalanche zone.
19:07 of 2nd period - Shot by Kyle Turris.
19:07 of 2nd period - Stopped by Tomas Vokoun with a rebound.
19:21 of 2nd period - Shot by Chris Kunitz.
19:21 of 2nd period - Goal by Chris Kunitz - Avalanche : 1 - Coyotes : 2.
19:22 of 2nd period - Daniel Briere wins face-off versus Shane Doan in neutral zone.
19:34 of 2nd period - Shot by Scottie Upshall.
19:34 of 2nd period - Shot Misses the Net.
19:36 of 2nd period - Shot by Kyle Quincey.
19:36 of 2nd period - Goal by Kyle Quincey - Avalanche : 1 - Coyotes : 3.
19:37 of 2nd period - Mika Zibanejad wins face-off versus Maxim Lapierre in neutral zone.
Goals for this period are 0 for Avalanche vs 3 for Coyotes.
Shots for this period are 8 for Avalanche vs 15 for Coyotes.
3rd period
0:01 of 3rd period - Kyle Turris wins face-off versus Tyler Bozak in neutral zone.
0:32 of 3rd period - Kyle Turris is hit by Marek Zidlicky and loses puck.
0:33 of 3rd period - Minor Penalty to Marek Zidlicky for High sticking.
0:34 of 3rd period - Mika Zibanejad wins face-off versus Brian Flynn in Avalanche zone.
0:49 of 3rd period - Shot by Mika Zibanejad.
0:49 of 3rd period - Stopped by Tomas Vokoun without a rebound.
0:50 of 3rd period - Brian Flynn wins face-off versus Mika Zibanejad in Avalanche zone.
0:50 of 3rd period - Torrey Mitchell is hit by Brad Richardson and loses puck.
1:15 of 3rd period - Shot by Daniel Briere.
1:15 of 3rd period - Stopped by Tomas Vokoun without a rebound.
1:16 of 3rd period - Jordan Schroeder wins face-off versus Maxim Lapierre in Avalanche zone.
1:45 of 3rd period - Shot by Chris Kunitz.
1:45 of 3rd period - Shot Blocked by Luke Schenn.
1:47 of 3rd period - Shot by Kyle Quincey.
1:47 of 3rd period - Stopped by Tomas Vokoun without a rebound.
1:48 of 3rd period - Mika Zibanejad wins face-off versus Brian Flynn in Avalanche zone.
2:42 of 3rd period - Shot by Patrick Kane.
2:42 of 3rd period - Shot Misses the Net.
2:44 of 3rd period - Shot by Marek Zidlicky.
2:44 of 3rd period - Shot Misses the Net.
3:15 of 3rd period - Minor Penalty to Matt Greene for High sticking.
3:16 of 3rd period - Brayden Schenn wins face-off versus Brad Richardson in Coyotes zone.
4:16 of 3rd period - Shot by Patrick Kane.
4:16 of 3rd period - Stopped by Ondrej Pavelec with a rebound.
4:32 of 3rd period - Shot by Erik Cole.
4:32 of 3rd period - Stopped by Ondrej Pavelec without a rebound.
4:33 of 3rd period - Mika Zibanejad wins face-off versus Antoine Roussel in Coyotes zone.
4:33 of 3rd period - Mika Zibanejad is hit by Antoine Roussel.
4:34 of 3rd period - Mika Zibanejad from Coyotes is injured at 4:34 of 3rd period (Bruised Right Foot).
4:35 of 3rd period - Kyle Turris wins face-off versus Brayden Schenn in Coyotes zone.
5:00 of 3rd period - Shot by Antoine Roussel.
5:00 of 3rd period - Stopped by Ondrej Pavelec without a rebound.
5:01 of 3rd period - Tyler Bozak wins face-off versus Kyle Turris in Coyotes zone.
5:20 of 3rd period - Off-side.
5:21 of 3rd period - Kyle Turris wins face-off versus Brian Flynn in neutral zone.
5:26 of 3rd period - Brian Flynn is hit by Chris Kunitz and loses puck.
5:51 of 3rd period - Icing by Kyle Quincey.
5:52 of 3rd period - Kyle Turris wins face-off versus Tyler Bozak in Coyotes zone.
6:11 of 3rd period - Shot by Shane Doan.
6:11 of 3rd period - Stopped by Ondrej Pavelec without a rebound.
6:12 of 3rd period - Brayden Schenn wins face-off versus Jordin Tootoo in Coyotes zone.
6:19 of 3rd period - Shot by Erik Cole.
6:19 of 3rd period - Shot Misses the Net.
6:21 of 3rd period - Shot by Jordan Leopold.
6:21 of 3rd period - Stopped by Ondrej Pavelec with a rebound.
6:33 of 3rd period - Shot by Brayden Schenn.
6:33 of 3rd period - Shot Blocked by John Scott.
6:35 of 3rd period - Shot by Brayden Schenn.
6:35 of 3rd period - Deflect By Erik Cole.
6:35 of 3rd period - Shot Misses the Net.
6:37 of 3rd period - Shot by Jordan Leopold.
6:37 of 3rd period - Stopped by Ondrej Pavelec with a rebound.
6:39 of 3rd period - Shot by Erik Cole.
6:39 of 3rd period - Stopped by Ondrej Pavelec without a rebound.
6:40 of 3rd period - Tyler Bozak wins face-off versus Chris Kunitz in Coyotes zone.
6:48 of 3rd period - Icing by Brad Richardson.
6:49 of 3rd period - Tyler Bozak wins face-off versus Chris Kunitz in Coyotes zone.
6:54 of 3rd period - Shot by Patrick Kane.
6:54 of 3rd period - Shot Misses the Net.
7:52 of 3rd period - Icing by Christian Folin.
7:53 of 3rd period - Scottie Upshall wins face-off versus Maxim Lapierre in Coyotes zone.
7:53 of 3rd period - Scottie Upshall is hit by Antoine Roussel.
8:22 of 3rd period - Shot by Antoine Roussel.
8:22 of 3rd period - Stopped by Ondrej Pavelec with a rebound.
8:41 of 3rd period - Shot by Richard Clune.
8:41 of 3rd period - Stopped by Tomas Vokoun without a rebound.
8:42 of 3rd period - Brayden Schenn wins face-off versus Joey Crabb in Avalanche zone.
8:42 of 3rd period - Brayden Schenn is hit by Richard Clune.
9:35 of 3rd period - Shane Doan is hit by John Scott and loses puck.
10:12 of 3rd period - Brian Flynn is hit by Chris Kunitz and loses puck.
10:16 of 3rd period - Marek Zidlicky is hit by Chris Kunitz and loses puck.
10:39 of 3rd period - Marek Zidlicky is hit by Matt Greene and loses puck.
11:28 of 3rd period - Shot by Brian Gibbons.
11:28 of 3rd period - Stopped by Ondrej Pavelec without a rebound.
11:29 of 3rd period - Tyler Bozak wins face-off versus Daniel Briere in Coyotes zone.
11:46 of 3rd period - Shot by Tyler Bozak.
11:46 of 3rd period - Stopped by Ondrej Pavelec without a rebound.
11:47 of 3rd period - Scottie Upshall wins face-off versus Brayden Schenn in Coyotes zone.
12:04 of 3rd period - Shot by Scottie Upshall.
12:04 of 3rd period - Shot Misses the Net.
12:44 of 3rd period - Off-side.
12:45 of 3rd period - Maxim Lapierre wins face-off versus Daniel Briere in neutral zone.
13:09 of 3rd period - Shot by Maxim Lapierre.
13:09 of 3rd period - Stopped by Ondrej Pavelec without a rebound.
13:10 of 3rd period - Tyler Bozak wins face-off versus Kyle Turris in Coyotes zone.
13:13 of 3rd period - Shot by Patrick Kane.
13:13 of 3rd period - Shot Blocked by Matt Greene.
14:09 of 3rd period - Icing by Joey Crabb.
14:10 of 3rd period - Jordan Schroeder wins face-off versus Maxim Lapierre in Coyotes zone.
14:25 of 3rd period - Shot by Antoine Roussel.
14:25 of 3rd period - Shot Misses the Net.
14:27 of 3rd period - Shot by Jordan Leopold.
14:27 of 3rd period - Deflect By Blake Comeau.
14:27 of 3rd period - Shot Blocked by Kyle Quincey.
14:42 of 3rd period - Shot by Antoine Roussel.
14:42 of 3rd period - Deflect By Maxim Lapierre.
14:42 of 3rd period - Shot Blocked by Jared Boll.
14:44 of 3rd period - Shot by Maxim Lapierre.
14:44 of 3rd period - Deflect By Blake Comeau.
14:44 of 3rd period - Shot Hit the Post.
15:07 of 3rd period - Off-side.
15:08 of 3rd period - Brian Flynn wins face-off versus Kyle Turris in neutral zone.
15:22 of 3rd period - Icing by Hampus Lindholm.
15:23 of 3rd period - Brian Flynn wins face-off versus Chris Kunitz in Avalanche zone.
15:25 of 3rd period - Icing by Tobias Enstrom.
15:26 of 3rd period - Brian Flynn wins face-off versus Kyle Turris in Avalanche zone.
15:48 of 3rd period - Icing by Ryan Whitney.
15:49 of 3rd period - Kyle Turris wins face-off versus Patrick Kane in Coyotes zone.
16:29 of 3rd period - Shot by Patrick Kane.
16:29 of 3rd period - Stopped by Ondrej Pavelec without a rebound.
16:30 of 3rd period - Brayden Schenn wins face-off versus Joey Crabb in Coyotes zone.
16:37 of 3rd period - Shot by Brayden Schenn.
16:37 of 3rd period - Shot Hit the Post.
16:39 of 3rd period - Shot by Luke Schenn.
16:39 of 3rd period - Shot Blocked by Christian Folin.
16:41 of 3rd period - Shot by Erik Cole.
16:41 of 3rd period - Shot Blocked by Joey Crabb.
16:50 of 3rd period - Jared Boll is hit by Mark Fayne and loses puck.
16:56 of 3rd period - Brayden Schenn is hit by John Scott and loses puck.
17:06 of 3rd period - Minor Penalty to Brayden Schenn for Tripping.
17:07 of 3rd period - Kyle Turris wins face-off versus Torrey Mitchell in Avalanche zone.
17:08 of 3rd period - Shot by Brad Richardson.
17:08 of 3rd period - Stopped by Tomas Vokoun without a rebound.
17:09 of 3rd period - Brian Flynn wins face-off versus Kyle Turris in Avalanche zone.
17:24 of 3rd period - Shot by Brad Richardson.
17:24 of 3rd period - Stopped by Tomas Vokoun without a rebound.
17:25 of 3rd period - Kyle Turris wins face-off versus Brian Flynn in Avalanche zone.
17:28 of 3rd period - Shot by Chris Kunitz.
17:28 of 3rd period - Shot Misses the Net.
17:58 of 3rd period - Shot by Chris Kunitz.
17:58 of 3rd period - Stopped by Tomas Vokoun without a rebound.
17:59 of 3rd period - Maxim Lapierre wins face-off versus Kyle Turris in Avalanche zone.
18:23 of 3rd period - Icing by Kyle Turris.
18:24 of 3rd period - Maxim Lapierre wins face-off versus Kyle Turris in Coyotes zone.
18:24 of 3rd period - Mark Stone is hit by John Scott and loses puck.
18:50 of 3rd period - Icing by Chris Kunitz.
18:51 of 3rd period - Brian Flynn wins face-off versus Brad Richardson in Coyotes zone.
19:12 of 3rd period - Icing by Joey Crabb.
19:13 of 3rd period - Tyler Bozak wins face-off versus Richard Clune in Coyotes zone.
19:47 of 3rd period - Off-side.
19:48 of 3rd period - Daniel Briere wins face-off versus Maxim Lapierre in neutral zone.
19:54 of 3rd period - Minor Penalty to Luke Schenn for Holding.
19:55 of 3rd period - Kyle Turris wins face-off versus Brian Flynn in Avalanche zone.
Goals for this period are 0 for Avalanche vs 0 for Coyotes.
Shots for this period are 12 for Avalanche vs 7 for Coyotes.
Output by the SimonT Hockey Simulator (STHS) for Mathias Vaigur -- Original Page W3C XHTML 1.0 Valid